 Dungeon Crawl Stone Soup version 0.28-a0-464-g0687ed57fd (webtiles) character file.

Game seed: 16919125801403917664

4351 Dabor the Gusty (level 10, -16/81 HPs)
             Began as a Black Draconian Conjurer on Sept 14, 2021.
             Was a Follower of Sif Muna.
             Demolished by a two-headed ogre (27 damage)
             ... on level 8 of the Dungeon.
             The game lasted 00:41:32 (15367 turns).

Dabor the Gusty (Black Draconian Conjurer)         Turns: 15367, Time: 00:41:32

Health: -16/81     AC: 10    Str: 10    XL:     10   Next: 12%
Magic:  18/18      EV: 17    Int: 21    God:    Sif Muna [*.....]
Gold:   313        SH:  0    Dex: 10    Spells: 14/20 levels left

rFire   . . .      SeeInvis .   y - +2 short sword (vamp)
rCold   . . .      Faith    +   (no shield)
rNeg    . . .      Spirit   .   (armour unavailable)
rPois   +          Reflect  .   (helmet restricted)
rElec   +          Harm     .   s - +0 cloak
rCorr   .          Rampage  .   j - +0 pair of gloves
Will    .....                   C - +0 pair of boots
Stlth   +++.......              F - amulet of faith
HPRegen 0.23/turn               d - +4 ring of evasion
MPRegen 0.16/turn               m - ring of poison resistance

@: about to teleport, studying Maces & Flails
A: breathe lightning, AC +7, unfitting armour, electricity resistance,
cold-blooded
a: Breathe Lightning, Renounce Religion, Channel Magic


You were on level 8 of the Dungeon.
You worshipped Sif Muna.
Sif Muna was aware of your devotion.
You visited 2 branches of the dungeon, and saw 11 of its levels.

You collected 452 gold pieces.
You spent 139 gold pieces at shops.

Inventory:

Hand Weapons
 k - a +0 whip of electrocution
 r - a +0 vorpal mace
 u - a +3 dagger
 y - a +2 vampiric short sword (weapon)
Armour
 j - a +0 pair of gloves (worn)
 s - a +0 cloak (worn)
 C - a +0 pair of boots (worn)
 D - a scarf of shadows
Jewellery
 d - a +4 ring of evasion (left hand)
 m - a ring of poison resistance (right hand)
 q - a ring of protection from cold
 F - an amulet of faith (around neck)
Wands
 o - a wand of charming (9)
 w - a wand of acid (11)
 G - a wand of mindburst (11)
Scrolls
 e - 2 scrolls of silence {unknown}
 i - a scroll of amnesia
 l - a scroll of summoning {unknown}
 x - a scroll of teleportation
 z - a scroll of enchant armour {unknown}
 A - 2 scrolls of enchant weapon {unknown}
 B - a scroll of acquirement {unknown}
 E - a scroll of brand weapon {unknown}
Potions
 b - 2 potions of lignification {unknown}
 c - 2 potions of curing {unknown}
 f - 2 potions of cancellation
 g - a potion of brilliance
 h - a potion of mutation
 n - a potion of flight {unknown}
 p - a potion of attraction
 t - a potion of resistance {unknown}
 v - 2 potions of berserk rage
 H - a potion of might


   Skills:
 - Level 5.0 Fighting
 + Level 5.3 Dodging
 + Level 5.7 Stealth
 + Level 5.5 Spellcasting
 + Level 6.9 Conjurations
 + Level 3.2 Translocations
 * Level 7.4 Air Magic
 - Level 4.0 Evocations


You had 14 spell levels left.
You knew the following spells:

 Your Spells              Type           Power      Damage    Failure   Level
a - Magic Dart            Conj           100%       1d8       1%          1
b - Searing Ray           Conj           68%        2d6       1%          2
c - Teleport Other        Tloc           19%        N/A       9%          3

Your spell library contained the following spells:

 Spells                   Type           Power      Damage    Failure   Level
 Apportation              Tloc           38%        N/A       2%          1
 Corpse Rot               Necr/Air       N/A        N/A       3%          2
 Dazzling Flash           Conj/Hex       40%        N/A       8%          3
 Gell's Gravitas          Tloc           9%         N/A       9%          3
 Lesser Beckoning         Tloc           19%        N/A       9%          3
 Animate Skeleton         Necr           10%        N/A       11%         1
 Summon Small Mammal      Summ           20%        N/A       11%         1
 Iskenderun's Mystic Bla  Conj/Tloc      27%        2d7       13%         4
 Fulminant Prism          Conj/Hex       10%        3d9       24%         4
 Dispel Undead            Necr           5%         3d7       71%         4
 Petrify                  Tmut/Erth      5%         N/A       71%         4
 Metabolic Englaciation   Hex/Ice        2%         N/A       96%         5
 Death Channel            Necr           2%         N/A       100%        6
 Statue Form              Tmut/Erth      3%         N/A       100%        6


Dungeon Overview and Level Annotations

Branches:
Dungeon (10/15)            Temple (1/1) D:4
   Lair: D:8-11         Orc: D:9-12

Altars:
Ashenzari
Cheibriados
Dithmenos
Elyvilon
Fedhas
Hepliaklqana
Makhleb
Nemelex Xobeh
Okawaru
Qazlal
Ru
Sif Muna
Trog
Uskayaw
Vehumet
Wu Jian
Xom
Yredelemnul

Shops:
D:6 [

Annotations:
D:6 2 transporters, sorkRocket's ghost, novice FeSu


Innate Abilities, Weirdness & Mutations

You can breathe wild blasts of lightning.
Your glossy black scales are hard. (AC +7)
You cannot fit into any form of body armour.
You are resistant to electric shocks. (rElec)
You are cold-blooded and may be slowed by cold attacks.


Message History

The arrow completely misses you.
The centaur shoots an arrow.
The arrow misses you.
The centaur shoots an arrow.
The arrow hits you!
The centaur shoots an arrow.
The arrow barely misses you.
The centaur shoots an arrow.
The arrow hits you.
The centaur shoots an arrow.
The arrow hits you.
* * * LOW HITPOINT WARNING * * *
There is a stone staircase leading up here.
The two-headed ogre barely misses you. The two-headed ogre closely misses you.
You climb upwards.
There is a stone staircase leading down here.
There is a stone staircase leading up here.
As you read the scroll of fear, it crumbles to dust.
You assume a fearsome visage.
The two-headed ogre looks frightened!
Casting: Searing Ray (safe; 1% risk of failure)
Confirm with . or Enter, or press ? or * to list all spells.
Aiming: Searing Ray (safe; 1% risk of failure)
Press: ? - help, Shift-Dir - straight line, f - two-headed ogre
Aim: a two-headed ogre, wielding two +0 giant clubs (fleeing, 91% to hit)
The searing ray hits the two-headed ogre.
The two-headed ogre is lightly wounded.
Your attack snaps the two-headed ogre out of its fear. (Press . to maintain the ray.)
Press: ? - help, v - describe, . - travel
Here: a two-headed ogre, wielding two +0 giant clubs (lightly wounded)
The floor.
Unknown command.
As you read the scroll of fear, it crumbles to dust.
You assume a fearsome visage.
The two-headed ogre resists with almost no effort.
The two-headed ogre hits you with a +0 giant club!
* * * LOW HITPOINT WARNING * * *
The two-headed ogre hits you with a +0 giant club.
* * * LOW HITPOINT WARNING * * *
Okay, then.
Okay, then.
As you read the scroll of teleportation, it crumbles to dust.
You feel strangely unstable. The two-headed ogre closely misses you.
The two-headed ogre hits you with a +0 giant club!!
You die...

........#.# #.# #.......####....
####.####.###.# #.#.............
#..........####.###....###....
#.##..###..##.[)..............
#.....#⌠#..##.#.####...#####..
#####.###.###.#.# ##.## ##.
#.........[..# #.#######.
##.#......O..# #.#......†
##.######@.## #.#.#####. #.# #..#
#.#.## #. #.# #..# #....####. #.#
#.(# #..#...### #.# ###..#
##...###.. #####.# #....#
#####.## #.♣
#####.....####....####.###.####..
...................##.#.[.....#..
#####.##.#####..##.###.###.####..


You could see a two-headed ogre.

Vanquished Creatures
  Pikel (D:5)
  Maggie (D:9)
  A troll (D:10)
  A wraith (D:9)
  A wyvern (D:8)
  A vampire (D:9)
  Menkaure (D:7)
  A water moccasin (D:6)
  Duvessa (D:7)
  An orc warrior (D:9)
  A sky beast (D:8)
  A black bear (D:6)
  4 ice beasts
  A necrophage (D:6)
  4 ogres
  3 centaurs
  A lemure (D:7)
  A kobold brigand (D:8)
  A gnoll sergeant (D:9)
  A water moccasin zombie (D:5)
  Dowan (D:7)
  6 killer bees
  3 howler monkeys
  A centaur zombie (D:9)
  A bullfrog zombie (D:7)
  6 orc priests
  A bullfrog skeleton (D:7)
  2 hounds
  Terence (D:3)
  3 orc wizards
  3 iguanas
  A killer bee zombie (D:7)
  2 howler monkey zombies
  2 gnolls (D:9)
  7 adders
  3 white imps
  An ufetubus (D:7)
  A worm (D:2)
  An adder skeleton (D:4)
  3 dart slugs
  18 orcs
  6 bats
  15 endoplasms
  4 giant cockroaches
  9 goblins
  9 hobgoblins
  2 jackals (D:1)
  7 quokkas
  8 ball pythons
  8 frilled lizards
  12 kobolds
  5 rats
180 creatures vanquished.

Vanquished Creatures (collateral kills)
  A gnoll (D:9)
1 creature vanquished.

Vanquished Creatures (others)
  A plant (D:3)
1 creature vanquished.

Grand Total: 182 creatures vanquished

Notes
Turn   | Place    | Note
-------+----------+-------------------------------------------
     0 | D:1      | Dabor the Draconian Conjurer began the quest for the Orb.
     0 | D:1      | Reached XP level 1. HP: 14/14 MP: 3/3
   172 | D:1      | Found a faded altar of an unknown god.
   403 | D:1      | Reached XP level 2. HP: 20/20 MP: 0/5
  1335 | D:2      | Learned a level 2 spell: Searing Ray
  1345 | D:2      | Reached XP level 3. HP: 24/26 MP: 1/6
  1509 | D:2      | You fall into a shaft and drop 1 floor!
  2126 | D:2      | Reached XP level 4. HP: 33/33 MP: 4/7
  2700 | D:3      | Reached skill level 1 in Fighting
  3309 | D:3      | Noticed Terence
  3478 | D:3      | Killed Terence
  3479 | D:3      | Reached XP level 5. HP: 24/40 MP: 4/9
  4492 | D:4      | Found a staircase to the Ecumenical Temple.
  4836 | D:4      | Noticed an ogre
  4872 | D:5      | Entered Level 5 of the Dungeon
  5007 | D:4      | Killed an ogre
  5008 | D:4      | Reached XP level 6. HP: 24/48 MP: 4/10
  5660 | D:5      | Reached skill level 5 in Conjurations
  6576 | D:5      | Your scales start taking on a glossy black colour.
  6576 | D:5      | Reached XP level 7. HP: 56/56 MP: 3/12
  6576 | D:5      | Gained mutation: You are resistant to electric shocks.
                  | (rElec) [Black Draconian growth]
  6629 | Temple   | Entered the Ecumenical Temple
  6719 | Temple   | Became a worshipper of Sif Muna the Loreminder
  7052 | D:6      | Reached skill level 1 in Air Magic
  7052 | D:6      | Reached skill level 1 in Evocations
  7148 | D:6      | Found Cobleton's Antique Armour Shoppe.
  7156 | D:6      | Bought a cloak for 139 gold pieces
  7230 | D:6      | Reached skill level 2 in Air Magic
  7595 | D:6      | Noticed a hornet
  7595 | D:6      | Noticed sorkRocket's ghost (novice FeSu)
  7681 | D:6      | Found a transporter.
  7686 | D:6      | Found a transporter.
  7784 | D:6      | Reached skill level 3 in Air Magic
  7784 | D:6      | Reached XP level 8. HP: 55/63 MP: 4/14
  8752 | D:7      | Noticed Menkaure
  8761 | D:7      | Killed Menkaure
  8762 | D:7      | Reached skill level 4 in Air Magic
  8953 | D:7      | Noticed Dowan
  8964 | D:7      | Killed Dowan
  9062 | D:7      | Learned a level 3 spell: Teleport Other
  9074 | D:7      | Noticed Pikel
  9445 | D:5      | Killed Pikel
  9446 | D:5      | Reached skill level 1 in Translocations
  9446 | D:5      | Reached skill level 5 in Air Magic
  9446 | D:5      | Reached XP level 9. HP: 38/72 MP: 10/16
 10091 | D:7      | Reached skill level 5 in Stealth
 10188 | D:7      | Noticed Duvessa
 10220 | D:7      | Killed Duvessa
 10541 | D:7      | Found a blossoming altar of Fedhas.
 10717 | D:7      | Found an ornate altar of the Wu Jian Council.
 11523 | D:8      | Reached skill level 5 in Spellcasting
 11523 | D:8      | Reached skill level 6 in Air Magic
 12015 | D:8      | Reached skill level 5 in Fighting
 12016 | D:8      | Reached * piety under Sif Muna
 12409 | D:9      | Reached skill level 5 in Dodging
 12564 | D:9      | Noticed Maggie
 12906 | D:9      | Killed Maggie
 12907 | D:9      | Reached skill level 7 in Air Magic
 13710 | D:9      | Reached XP level 10. HP: 25/81 MP: 9/18
 14213 | D:10     | Entered Level 10 of the Dungeon
 14520 | D:10     | Noticed a stone giant
 14825 | D:10     | Found a sparkling altar of Nemelex Xobeh.
 15044 | D:10     | Noticed a two-headed ogre
 15367 | D:8      | Demolished by a two-headed ogre

Illustrated notes

Levels and vault maps discovered:
D:1:      amcnicky_arrival_choice, layout_basic, shapermc_ecumenical_altar_gd,
          nrook_mini_backslash
D:2:      layout_basic, hangedman_decor_points, bh_walls_and_bars
D:3:      layout_basic, serial_bayou_ford_a, uniq_terence
D:4:      minmay_recursive_quarters, layout_basic, temple_statues,
          minmay_misc_feat_diagonals, abandoned_shop,
          chequers_serial_rivers_small_b
D:5:      layout_basic
D:6:      layout_layer_cave, gammafunk_ghost_hive, serial_shops, shop_statue,
          minivault_23
D:7:      layout_cave_pods, mainiacjoe_overflow_large_starburst, uniq_pikel,
          uniq_duvessa, uniq_menkaure
D:8:      layout_loops_ring, serial_glass, glass_columns_a, glass_columns_b,
          glass_columns_a, glass_columns_c, glass_columns_b, feat_on_display,
          minmay_strange_pillars, feat_on_display, serial_park_tiny_2,
          kennysheep_small_square
D:9:      layout_roguey, uniq_maggie
D:10:     layout_long_grid, kiku_gazebo_pond_becter,
          nemelex_diamond_rough_becter, nicolae_gozag_seed_capital,
          amethyst_overflow_temple_binary, fungi_pond_lemuel, minivault_27,
          kennysheep_just_a_vault, uniq_fannar
Temple:   regret_index_temple_waves

Skill      XL: |  1  2  3  4  5  6  7  8  9 |
---------------+----------------------------+-----
Stealth        | 2 3 4 5 |  5.7
Dodging        | 2 3 4 5 |  5.3
Fighting       | 1 2 3 4 5 |  5.0
Spellcasting   | 3 4 5 |  5.5
Conjurations   | 5 6 |  6.9
Air Magic      | 3 5 7 |  7.4
Evocations     | 1 3 4 |  4.0
Translocations | 1 3 |  3.2

Action                   |  1- 3 |  4- 6 |  7- 9 | 10-12 || total
-------------------------+-------+-------+-------+-------++-------
Melee: Unarmed           |    39 |       |       |       ||    39
       Tailslap          |     7 |     5 |     6 |       ||    18
       Dagger            |    37 |    46 |    20 |       ||   103
       Whip              |       |    18 |    12 |       ||    30
       Mace              |       |       |     3 |       ||     3
       Short sword       |       |       |     5 |       ||     5
 Cast: Magic Dart        |    76 |   149 |   115 |     5 ||   345
       Searing Ray       |     3 |     7 |    59 |    10 ||    79
 Abil: Breathe Lightning |       |       |    19 |     2 ||    21
Evoke: Wand              |       |       |     1 |       ||     1
  Use: Scroll            |       |       |     7 |     7 ||    14
Armor: Skin              |    29 |    21 |    48 |    16 ||   114
Dodge: Dodged            |    57 |    88 |   212 |    32 ||   389

Table legend: (Time is in decaauts)
 A = Elapsed time spent in this place.
 B = Non-inter-level travel time spent in this place.
 C = Inter-level travel time spent in this place.
 D = Time resting spent in this place.
 E = Time spent auto-exploring this place.
 F = Levels seen in this place.
 G = Mean time per level.
                   A        B        C        D        E       F      G
               +--------+--------+--------+--------+--------+-----+--------+
         Total |  15403 |  14782 |    621 |   3990 |   7783 |  11 | 1400.3 |
       Dungeon |  15272 |  14707 |    565 |   3990 |   7734 |  10 | 1527.2 |
        Temple |    130 |     75 |     55 |      0 |     49 |   1 |  130.0 |
               +--------+--------+--------+--------+--------+-----+--------+

Top non-repeatable levels by time:
     D:9: 2621 daAuts
     D:6: 2324 daAuts
     D:7: 1644 daAuts
     D:4: 1624 daAuts
     D:3: 1534 daAuts
     D:5: 1505 daAuts
     D:1: 1316 daAuts
     D:8: 1299 daAuts
     D:2: 1085 daAuts
    D:10: 317 daAuts
  Temple: 130 daAuts
